Jets vs Flames (R4)

Created - 18 février 2021 at 20:09

Goals
1 2 3 T
Jets 2 2 1 5
Flames 0 2 0 2
Shots
1 2 3 T
Jets 13 11 17 41
Flames 10 10 5 25

1st period

1. Jets , Mathew Barzal 13 (Mats Zuccarello 25, Patrik Nemeth 15) at 8:06
2. Jets , Nick Schmaltz 6 (Bryan Rust 26, Jay Bouwmeester 14) at 16:37

Penalties :
Joel Eriksson Ek (WPG) for Hooking (Minor) at 1:54, Ethan Bear (CGY) for Tripping (Minor) at 8:11, Jared Spurgeon (CGY) for Hooking (Minor) at 12:53

2nd period

3. Jets , Zach Parise 23 (Nikita Zaitsev 5, Mathew Barzal 19) at 1:04
4. Flames , John Tavares 18 (Esa Lindell 31, Brady Tkachuk 27) at 2:39
5. Jets , Mathew Barzal 14 (Zach Parise 24, Mats Zuccarello 26) at 2:57
6. Flames , Esa Lindell 4 (Jared Spurgeon 24, John Tavares 44) at 3:17

Penalties :
Brayden McNabb (CGY) for Hooking (Minor) at 7:53, Marc Staal (CGY) for Interference (Minor) at 11:31, Marc Staal (CGY) for Delaying the game (Minor) at 13:33

3rd period

7. Jets , Brock Nelson 24 (Bryan Rust 27, Nick Schmaltz 11) at 19:17 (PP)

Penalties :
Brady Tkachuk (CGY) for Hooking (Minor) at 3:04, Nikita Zaitsev (WPG) for Hooking (Minor) at 5:27, Marc Staal (CGY) for Elbowing (Minor) at 7:50, Ryan Getzlaf (CGY) for Hooking (Minor) at 11:42, Max Domi (CGY) for Roughing (Minor) at 18:59

Goalie Stats

Ben Bishop (WPG), 23 saves from 25 shots - (0,920), W, 34-12-5, 60:00 minutes
Eric Comrie (CGY), 25 saves from 26 shots - (0,962), 37:03 minutes
Jordan Binnington (CGY), 11 saves from 15 shots - (0,733), L, 27-17-6, 22:57 minutes

Players Stats for Jets

Player Name              G  A  P  +/- PIM S  H  SB GA TA FO     MP     PP MP  PK MP  
------------------------------------------------------------------------------------
Brandon Saad             0  0  0   0  0   3  0  0  0  0  0/0     9:25   0:54   0:00 
Brock Nelson             1  0  1  -1  0   2  2  0  0  0  19/33  21:54   8:40   0:00 
Bryan Rust               0  2  2  -1  0   4  1  0  0  0  0/0    21:54   8:40   0:00 
Devon Toews              0  0  0   1  0   0  1  1  0  0  0/0    21:21   6:58   1:14 
Hampus Lindholm          0  0  0  -2  0   5  3  4  0  0  0/0    23:57   9:12   2:05 
Jay Bouwmeester          0  1  1   3  0   0  0  1  0  0  0/0    14:17   0:00   0:14 
Joel Eriksson Ek         0  0  0   0  2   1  2  0  0  0  5/10    9:57   0:54   0:33 
Kasperi Kapanen          0  0  0   0  0   2  1  0  0  0  0/1    10:10   0:54   0:45 
Keith Yandle             0  0  0  -2  0   4  1  0  0  0  0/0    23:57   9:12   2:05 
Mathew Barzal            2  1  3   3  0   4  0  0  0  0  13/22  18:13   6:36   0:00 
Mats Zuccarello          0  2  2   3  0   3  1  0  0  0  0/1    18:13   6:36   0:00 
Mikko Koivu              0  0  0   0  0   0  0  0  0  0  4/12    9:10   0:00   2:40 
Nick Foligno             0  0  0   0  0   0  4  0  0  0  0/2     7:48   0:00   1:18 
Nick Schmaltz            1  1  2  -1  0   4  0  0  0  0  1/1    21:54   8:40   0:00 
Nikita Zaitsev           0  1  1   3  2   2  2  0  0  0  0/0    22:54   6:58   0:39 
Patrik Nemeth            0  1  1   1  0   3  2  1  0  0  0/0    13:33   0:00   1:39 
Tim Schaller             0  0  0   0  0   0  0  1  0  0  0/1     9:10   0:00   2:40 
Zach Parise              1  1  2   3  0   4  0  0  0  0  0/1    18:13   6:36   0:00 

Players Stats for Flames

Player Name              G  A  P  +/- PIM S  H  SB GA TA FO     MP     PP MP  PK MP  
------------------------------------------------------------------------------------
Alec Martinez            0  0  0  -2  0   3  1  1  0  0  0/0    21:33   1:46   7:47 
Blake Wheeler            0  0  0   2  0   5  0  0  0  0  0/0    20:14   2:51   0:37 
Brady Tkachuk            0  1  1   2  2   2  4  0  0  0  0/1    17:19   2:51   0:16 
Brayden McNabb           0  0  0  -2  2   0  4  0  0  0  0/0    21:01   1:46   7:16 
Brock McGinn             0  0  0  -2  0   0  2  2  0  0  0/2    17:06   0:00   8:01 
Charlie Coyle            0  0  0  -2  0   2  0  0  0  0  0/1    16:37   0:00   7:32 
Esa Lindell              1  1  2   1  0   1  5  2  0  0  0/0    25:46   2:12   7:47 
Ethan Bear               0  0  0  -1  2   0  1  5  0  0  0/0    13:02   0:00   0:58 
Jakub Vrana              0  0  0  -2  0   1  3  0  0  0  0/0    18:28   1:07   1:03 
Jared Spurgeon           0  1  1   1  2   1  2  3  0  0  0/0    24:39   2:12   6:29 
John Tavares             1  1  2   2  0   7  0  0  0  0  20/30  19:37   2:51   0:00 
Marc Staal               0  0  0  -1  6   0  2  2  0  0  0/0    13:53   0:00   2:03 
Max Domi                 0  0  0  -2  2   1  0  0  0  0  8/20   15:07   1:07   0:00 
Ondrej Kase              0  0  0   0  0   0  0  0  0  0  0/0     0:16   0:00   0:00 
Pavel Buchnevich         0  0  0   0  0   0  0  0  0  0  0/0     0:00   0:00   0:00 
Ryan Getzlaf             0  0  0  -2  2   2  1  0  0  0  10/23  17:01   1:07   6:50 
Sean Kuraly              0  0  0   0  0   0  0  0  0  0  4/7     8:01   0:00   8:01 
Taylor Hall              0  0  0  -2  0   0  3  2  0  0  0/0    14:01   0:00   0:00 

3 Stars

1 - Mathew Barzal (WPG)
2 - Zach Parise (WPG)
3 - Mats Zuccarello (WPG)

Power Play

Jets - 1 on 9 Attempt(s) - 11,11%
Flames - 0 on 2 Attempt(s) - 0,00%

Penalty Kill

Jets - 2 on 2 Attempt(s) - 100,00% - Score 0 goal in Penalty Kill
Flames - 8 on 9 Attempt(s) - 88,89% - Score 0 goal in Penalty Kill

Team Stat

Jets - Hits : 20 - Faceoff Wins : 42 - Blocked Shots : 8 - Penalty Minutes : 4
Flames - Hits : 28 - Faceoff Wins : 42 - Blocked Shots : 17 - Penalty Minutes : 18

Official

Referees : Steve Kozari and Jake Brenk
Linesman : Brendan Lewis and Colin Gates

Game Notes

Eric Comrie enters game at 2:57 of 2nd period

Finance

Level 1 -- Attendance: 6270 (96,46%) -- Ticket Income 783 750 $
Level 2 -- Attendance: 5000 (100,00%) -- Ticket Income 290 000 $
Level 3 -- Attendance: 3202 (91,49%) -- Ticket Income 144 090 $
Level 4 -- Attendance: 2839 (86,32%) -- Ticket Income 70 975 $
Luxury Box -- Attendance: 1000 (100,00%) -- Ticket Income 160 000 $
Game was played at the Scotiabank Saddledome.
Total Attendance: 18311 (94,93%)
Total Ticket Income: 1 448 815 $
Other Income: 709 919 $
Total Income: 2 158 734 $

% Time on Ice - Jets

Lines # - Real PCT - Wanted PCT - Time Play
Normal Forward
1 - 33% - 42% - 13:14
2 - 29% - 33% - 11:37
3 - 21% - 16% - 8:31
4 - 16% - 9% - 6:30
Normal Defense
1 - 32% - 40% - 12:40
2 - 35% - 30% - 14:03
3 - 28% - 20% - 11:11
4 - 5% - 10% - 1:58
PP Forward
1 - 57% - 60% - 9:14
2 - 43% - 40% - 6:56
PP Defense
1 - 57% - 60% - 9:12
2 - 43% - 40% - 6:58
PK Forward
1 - 67% - 60% - 2:40
2 - 33% - 40% - 1:18
PK Defense
1 - 53% - 60% - 2:05
2 - 47% - 40% - 1:53
PK3 Forward
1 - 0% - 60%
2 - 0% - 40%
PK3 Defense
1 - 0% - 60%
2 - 0% - 40%
44 Forward
1 - 0% - 60%
2 - 0% - 40%
44 Defense
1 - 0% - 60%
2 - 0% - 40%
Last Minute Offensive  - 0:00
Last Minute Defensive  - 0:00
Total
Forward - 60:00
Defense - 60:00

% Time on Ice - Flames

Lines # - Real PCT - Wanted PCT - Time Play
Normal Forward
1 - 36% - 35% - 14:13
2 - 35% - 30% - 14:01
3 - 23% - 20% - 9:05
4 - 6% - 15% - 2:33
Normal Defense
1 - 37% - 35% - 14:37
2 - 30% - 30% - 12:00
3 - 30% - 25% - 11:53
4 - 3% - 10% - 1:22
PP Forward
1 - 72% - 55% - 2:51
2 - 28% - 45% - 1:07
PP Defense
1 - 55% - 60% - 2:12
2 - 45% - 40% - 1:46
PK Forward
1 - 50% - 50% - 8:01
2 - 50% - 50% - 8:09
PK Defense
1 - 50% - 50% - 8:03
2 - 50% - 50% - 8:07
PK3 Forward
1 - 0% - 50%
2 - 0% - 50%
PK3 Defense
1 - 0% - 50%
2 - 0% - 50%
44 Forward
1 - 0% - 50%
2 - 0% - 50%
44 Defense
1 - 0% - 50%
2 - 0% - 50%
Last Minute Offensive  - 0:00
Last Minute Defensive  - 0:00
Total
Forward - 60:00
Defense - 60:00

Play-by-Play

1st period


0:01 of 1st period - Brock Nelson wins face-off versus John Tavares in neutral zone.
0:06 of 1st period - Icing by John Tavares.
0:07 of 1st period - Mathew Barzal wins face-off versus John Tavares in Flames zone.
0:27 of 1st period - Off-side.
0:28 of 1st period - Brock Nelson wins face-off versus Max Domi in neutral zone.
0:54 of 1st period - Bryan Rust is hit by Brayden McNabb and loses puck.
0:57 of 1st period - Shot by Brock Nelson.
0:57 of 1st period - Shot Misses the Net.
0:59 of 1st period - Shot by Brock Nelson.
0:59 of 1st period - Shot Misses the Net.
1:03 of 1st period - Shot by Brock Nelson.
1:03 of 1st period - Shot Misses the Net.
1:05 of 1st period - Shot by Patrik Nemeth.
1:05 of 1st period - Stopped by Jordan Binnington with a rebound.
1:07 of 1st period - Shot by Brock Nelson.
1:07 of 1st period - Shot Hit the Post.
1:54 of 1st period - Minor Penalty to Joel Eriksson Ek for Hooking.
1:55 of 1st period - Mikko Koivu wins face-off versus John Tavares in Jets zone.
2:08 of 1st period - Shot by Mikko Koivu.
2:08 of 1st period - Shot Misses the Net.
2:22 of 1st period - Shot by Jared Spurgeon.
2:22 of 1st period - Shot Misses the Net.
2:54 of 1st period - Shot by Alec Martinez.
2:54 of 1st period - Stopped by Ben Bishop without a rebound.
2:55 of 1st period - Ryan Getzlaf wins face-off versus Kasperi Kapanen in Jets zone.
3:09 of 1st period - Shot by Alec Martinez.
3:09 of 1st period - Stopped by Ben Bishop without a rebound.
3:10 of 1st period - John Tavares wins face-off versus Mikko Koivu in Jets zone.
3:30 of 1st period - Icing by Jared Spurgeon.
3:31 of 1st period - John Tavares wins face-off versus Mikko Koivu in Flames zone.
4:19 of 1st period - Brandon Saad is hit by Taylor Hall and loses puck.
4:33 of 1st period - Shot by Brandon Saad.
4:33 of 1st period - Shot Misses the Net.
5:00 of 1st period - Mathew Barzal is hit by Marc Staal and loses puck.
5:07 of 1st period - Shot by Mathew Barzal.
5:07 of 1st period - Shot Blocked by Ethan Bear.
5:24 of 1st period - Icing by Marc Staal.
5:25 of 1st period - Max Domi wins face-off versus Brock Nelson in Flames zone.
5:55 of 1st period - Shot by Blake Wheeler.
5:55 of 1st period - Stopped by Ben Bishop without a rebound.
5:56 of 1st period - Mikko Koivu wins face-off versus Charlie Coyle in Jets zone.
6:01 of 1st period - Brock McGinn is hit by Nick Foligno.
6:44 of 1st period - Icing by Nick Foligno.
6:45 of 1st period - John Tavares wins face-off versus Mikko Koivu in Jets zone.
7:20 of 1st period - Shot by Brady Tkachuk.
7:20 of 1st period - Shot Misses the Net.
7:22 of 1st period - Shot by Jared Spurgeon.
7:22 of 1st period - Stopped by Ben Bishop without a rebound.
7:23 of 1st period - Ryan Getzlaf wins face-off versus Brock Nelson in Jets zone.
7:39 of 1st period - Keith Yandle is hit by Ryan Getzlaf and loses puck.
7:48 of 1st period - Shot by Bryan Rust.
7:48 of 1st period - Stopped by Jordan Binnington without a rebound.
7:49 of 1st period - Max Domi wins face-off versus Mathew Barzal in Flames zone.
7:58 of 1st period - Shot by Zach Parise.
7:58 of 1st period - Shot Misses the Net.
8:00 of 1st period - Shot by Patrik Nemeth.
8:00 of 1st period - Stopped by Jordan Binnington with a rebound.
8:02 of 1st period - Shot by Zach Parise.
8:02 of 1st period - Shot Misses the Net.
8:06 of 1st period - Shot by Mats Zuccarello.
8:06 of 1st period - Deflect By Mathew Barzal.
8:06 of 1st period - Goal by Mathew Barzal - Jets : 1 - Flames : 0.
8:07 of 1st period - Joel Eriksson Ek wins face-off versus John Tavares in neutral zone.
8:11 of 1st period - Minor Penalty to Ethan Bear for Tripping.
8:12 of 1st period - Brock Nelson wins face-off versus Ryan Getzlaf in Flames zone.
8:13 of 1st period - Shot by Hampus Lindholm.
8:13 of 1st period - Stopped by Jordan Binnington without a rebound.
8:14 of 1st period - Ryan Getzlaf wins face-off versus Brock Nelson in Flames zone.
8:27 of 1st period - Shot by Keith Yandle.
8:27 of 1st period - Stopped by Jordan Binnington without a rebound.
8:28 of 1st period - Mathew Barzal wins face-off versus Ryan Getzlaf in Flames zone.
8:28 of 1st period - Zach Parise is hit by Esa Lindell.
8:40 of 1st period - Shot by Devon Toews.
8:40 of 1st period - Shot Blocked by Alec Martinez.
9:09 of 1st period - Shot by Mathew Barzal.
9:09 of 1st period - Shot Misses the Net.
9:25 of 1st period - Shot by Brock Nelson.
9:25 of 1st period - Shot Misses the Net.
10:14 of 1st period - Shot by Zach Parise.
10:14 of 1st period - Stopped by Jordan Binnington without a rebound.
10:15 of 1st period - John Tavares wins face-off versus Joel Eriksson Ek in Flames zone.
10:15 of 1st period - John Tavares is hit by Joel Eriksson Ek.
10:35 of 1st period - Shot by Brady Tkachuk.
10:35 of 1st period - Stopped by Ben Bishop with a rebound.
10:37 of 1st period - Shot by Blake Wheeler.
10:37 of 1st period - Stopped by Ben Bishop without a rebound.
10:38 of 1st period - Mikko Koivu wins face-off versus Max Domi in Jets zone.
10:51 of 1st period - Shot by Mikko Koivu.
10:51 of 1st period - Shot Misses the Net.
11:30 of 1st period - Off-side.
11:31 of 1st period - John Tavares wins face-off versus Brock Nelson in neutral zone.
11:35 of 1st period - Icing by Devon Toews.
11:36 of 1st period - Brock Nelson wins face-off versus John Tavares in Jets zone.
11:36 of 1st period - Brock Nelson is hit by Brady Tkachuk.
11:48 of 1st period - Shot by Brock Nelson.
11:48 of 1st period - Shot Misses the Net.
11:50 of 1st period - Shot by Brock Nelson.
11:50 of 1st period - Shot Misses the Net.
12:05 of 1st period - John Tavares is hit by Bryan Rust and loses puck.
12:30 of 1st period - Shot by Mathew Barzal.
12:30 of 1st period - Deflect By Zach Parise.
12:30 of 1st period - Stopped by Jordan Binnington with a rebound.
12:36 of 1st period - Nikita Zaitsev is hit by Brady Tkachuk and loses puck.
12:53 of 1st period - Minor Penalty to Jared Spurgeon for Hooking.
12:54 of 1st period - Nick Schmaltz wins face-off versus Ryan Getzlaf in Flames zone.
12:54 of 1st period - Brock Nelson is hit by Marc Staal and loses puck.
12:57 of 1st period - Shot by Hampus Lindholm.
12:57 of 1st period - Stopped by Jordan Binnington with a rebound.
13:39 of 1st period - Icing by Bryan Rust.
13:40 of 1st period - Brock Nelson wins face-off versus Ryan Getzlaf in Jets zone.
14:56 of 1st period - Shot by Mikko Koivu.
14:56 of 1st period - Shot Misses the Net.
15:04 of 1st period - Shot by Blake Wheeler.
15:04 of 1st period - Stopped by Ben Bishop without a rebound.
15:05 of 1st period - John Tavares wins face-off versus Mikko Koivu in Jets zone.
15:24 of 1st period - Jared Spurgeon is hit by Nick Foligno and loses puck.
16:05 of 1st period - Shot by Kasperi Kapanen.
16:05 of 1st period - Deflect By Brandon Saad.
16:05 of 1st period - Stopped by Jordan Binnington without a rebound.
16:06 of 1st period - Brock Nelson wins face-off versus Max Domi in Flames zone.
16:07 of 1st period - Shot by Nick Schmaltz.
16:07 of 1st period - Shot Blocked by Ethan Bear.
16:09 of 1st period - Shot by Brock Nelson.
16:09 of 1st period - Shot Misses the Net.
16:21 of 1st period - Shot by Bryan Rust.
16:21 of 1st period - Stopped by Jordan Binnington with a rebound.
16:23 of 1st period - Shot by Jay Bouwmeester.
16:23 of 1st period - Shot Misses the Net.
16:25 of 1st period - Shot by Jay Bouwmeester.
16:25 of 1st period - Shot Misses the Net.
16:37 of 1st period - Shot by Nick Schmaltz.
16:37 of 1st period - Goal by Nick Schmaltz - Jets : 2 - Flames : 0.
16:38 of 1st period - Ryan Getzlaf wins face-off versus Mathew Barzal in neutral zone.
16:38 of 1st period - Ryan Getzlaf is hit by Mats Zuccarello.
16:43 of 1st period - Alec Martinez is hit by Hampus Lindholm and loses puck.
16:50 of 1st period - Shot by Charlie Coyle.
16:50 of 1st period - Shot Misses the Net.
16:52 of 1st period - Shot by Charlie Coyle.
16:52 of 1st period - Shot Misses the Net.
16:54 of 1st period - Shot by Charlie Coyle.
16:54 of 1st period - Deflect By Ryan Getzlaf.
16:54 of 1st period - Shot Misses the Net.
16:56 of 1st period - Shot by Brock McGinn.
16:56 of 1st period - Shot Blocked by Hampus Lindholm.
16:58 of 1st period - Shot by Ryan Getzlaf.
16:58 of 1st period - Stopped by Ben Bishop without a rebound.
16:59 of 1st period - Joel Eriksson Ek wins face-off versus Max Domi in Jets zone.
16:59 of 1st period - Joel Eriksson Ek is hit by Jakub Vrana.
17:07 of 1st period - Shot by Brandon Saad.
17:07 of 1st period - Stopped by Jordan Binnington without a rebound.
17:08 of 1st period - Brock Nelson wins face-off versus John Tavares in Flames zone.
17:41 of 1st period - Shot by John Tavares.
17:41 of 1st period - Stopped by Ben Bishop with a rebound.
17:43 of 1st period - Shot by Brady Tkachuk.
17:43 of 1st period - Deflect By John Tavares.
17:43 of 1st period - Stopped by Ben Bishop without a rebound.
17:44 of 1st period - Ryan Getzlaf wins face-off versus Mathew Barzal in Jets zone.
Goals for this period are 2 for Jets vs 0 for Flames.
Shots for this period are 13 for Jets vs 10 for Flames.

2nd period


0:01 of 2nd period - John Tavares wins face-off versus Brock Nelson in neutral zone.
0:12 of 2nd period - Shot by John Tavares.
0:12 of 2nd period - Shot Misses the Net.
0:50 of 2nd period - Off-side.
0:51 of 2nd period - Mathew Barzal wins face-off versus Ryan Getzlaf in neutral zone.
1:04 of 2nd period - Shot by Zach Parise.
1:04 of 2nd period - Goal by Zach Parise - Jets : 3 - Flames : 0.
1:05 of 2nd period - Ryan Getzlaf wins face-off versus Joel Eriksson Ek in neutral zone.
1:43 of 2nd period - Icing by Kasperi Kapanen.
1:44 of 2nd period - John Tavares wins face-off versus Joel Eriksson Ek in Jets zone.
2:05 of 2nd period - Shot by Jakub Vrana.
2:05 of 2nd period - Stopped by Ben Bishop without a rebound.
2:06 of 2nd period - Max Domi wins face-off versus Brock Nelson in Jets zone.
2:10 of 2nd period - Taylor Hall is hit by Hampus Lindholm.
2:21 of 2nd period - Icing by Keith Yandle.
2:22 of 2nd period - Brock Nelson wins face-off versus John Tavares in Jets zone.
2:22 of 2nd period - Keith Yandle is hit by Brady Tkachuk and loses puck.
2:30 of 2nd period - Brady Tkachuk is hit by Keith Yandle and loses puck.
2:35 of 2nd period - Shot by John Tavares.
2:35 of 2nd period - Stopped by Ben Bishop with a rebound.
2:39 of 2nd period - Shot by John Tavares.
2:39 of 2nd period - Goal by John Tavares - Jets : 3 - Flames : 1.
2:40 of 2nd period - Mathew Barzal wins face-off versus Ryan Getzlaf in neutral zone.
2:57 of 2nd period - Shot by Mathew Barzal.
2:57 of 2nd period - Goal by Mathew Barzal - Jets : 4 - Flames : 1.
2:57 of 2nd period - Eric Comrie enters game.
2:58 of 2nd period - John Tavares wins face-off versus Brock Nelson in neutral zone.
3:15 of 2nd period - Shot by Jared Spurgeon.
3:15 of 2nd period - Shot Blocked by Hampus Lindholm.
3:17 of 2nd period - Shot by Esa Lindell.
3:17 of 2nd period - Goal by Esa Lindell - Jets : 4 - Flames : 2.
3:18 of 2nd period - Mathew Barzal wins face-off versus Max Domi in neutral zone.
4:42 of 2nd period - Bryan Rust is hit by Jared Spurgeon and loses puck.
4:54 of 2nd period - Brady Tkachuk is hit by Patrik Nemeth and loses puck.
5:00 of 2nd period - Icing by Patrik Nemeth.
5:01 of 2nd period - Joel Eriksson Ek wins face-off versus Ryan Getzlaf in Jets zone.
5:27 of 2nd period - Marc Staal is hit by Patrik Nemeth and loses puck.
5:51 of 2nd period - Icing by Esa Lindell.
5:52 of 2nd period - Mathew Barzal wins face-off versus John Tavares in Flames zone.
6:05 of 2nd period - Shot by John Tavares.
6:05 of 2nd period - Stopped by Ben Bishop without a rebound.
6:06 of 2nd period - John Tavares wins face-off versus Brock Nelson in Jets zone.
6:29 of 2nd period - Icing by Blake Wheeler.
6:30 of 2nd period - John Tavares wins face-off versus Mathew Barzal in Flames zone.
7:15 of 2nd period - Shot by Max Domi.
7:15 of 2nd period - Shot Misses the Net.
7:29 of 2nd period - Shot by Max Domi.
7:29 of 2nd period - Shot Misses the Net.
7:34 of 2nd period - Hampus Lindholm is hit by Brayden McNabb and loses puck.
7:44 of 2nd period - Bryan Rust is hit by Brayden McNabb.
7:53 of 2nd period - Minor Penalty to Brayden McNabb for Hooking.
7:54 of 2nd period - Brock Nelson wins face-off versus Ryan Getzlaf in Flames zone.
9:02 of 2nd period - Shot by Keith Yandle.
9:02 of 2nd period - Shot Hit the Post.
9:26 of 2nd period - Shot by Keith Yandle.
9:26 of 2nd period - Shot Blocked by Ethan Bear.
9:28 of 2nd period - Shot by Hampus Lindholm.
9:28 of 2nd period - Shot Blocked by Marc Staal.
9:30 of 2nd period - Shot by Kasperi Kapanen.
9:30 of 2nd period - Stopped by Eric Comrie with a rebound.
9:32 of 2nd period - Shot by Kasperi Kapanen.
9:32 of 2nd period - Stopped by Eric Comrie with a rebound.
9:34 of 2nd period - Shot by Brandon Saad.
9:34 of 2nd period - Deflect By Joel Eriksson Ek.
9:34 of 2nd period - Shot Blocked by Marc Staal.
9:36 of 2nd period - Shot by Joel Eriksson Ek.
9:36 of 2nd period - Stopped by Eric Comrie with a rebound.
10:04 of 2nd period - Shot by Blake Wheeler.
10:04 of 2nd period - Stopped by Ben Bishop without a rebound.
10:05 of 2nd period - Max Domi wins face-off versus Mikko Koivu in Jets zone.
10:15 of 2nd period - Icing by Patrik Nemeth.
10:16 of 2nd period - John Tavares wins face-off versus Nick Foligno in Jets zone.
10:21 of 2nd period - Shot by Blake Wheeler.
10:21 of 2nd period - Shot Blocked by Devon Toews.
10:29 of 2nd period - Shot by Brady Tkachuk.
10:29 of 2nd period - Stopped by Ben Bishop without a rebound.
10:30 of 2nd period - Mathew Barzal wins face-off versus Max Domi in Jets zone.
10:30 of 2nd period - Mathew Barzal is hit by Taylor Hall.
10:39 of 2nd period - Mathew Barzal is hit by Esa Lindell.
10:53 of 2nd period - Shot by Taylor Hall.
10:53 of 2nd period - Shot Blocked by Jay Bouwmeester.
11:31 of 2nd period - Minor Penalty to Marc Staal for Interference.
11:32 of 2nd period - Brock Nelson wins face-off versus Sean Kuraly in Flames zone.
11:32 of 2nd period - Nick Schmaltz is hit by Alec Martinez and loses puck.
11:38 of 2nd period - Off-side.
11:39 of 2nd period - Sean Kuraly wins face-off versus Brock Nelson in neutral zone.
11:48 of 2nd period - Shot by Keith Yandle.
11:48 of 2nd period - Stopped by Eric Comrie without a rebound.
11:49 of 2nd period - Brock Nelson wins face-off versus Brock McGinn in Flames zone.
12:08 of 2nd period - Shot by Keith Yandle.
12:08 of 2nd period - Shot Misses the Net.
12:24 of 2nd period - Shot by Bryan Rust.
12:24 of 2nd period - Stopped by Eric Comrie with a rebound.
12:26 of 2nd period - Shot by Keith Yandle.
12:26 of 2nd period - Deflect By Brock Nelson.
12:26 of 2nd period - Stopped by Eric Comrie without a rebound.
12:27 of 2nd period - Ryan Getzlaf wins face-off versus Mathew Barzal in Flames zone.
12:51 of 2nd period - Icing by Zach Parise.
12:52 of 2nd period - Sean Kuraly wins face-off versus Mathew Barzal in Jets zone.
13:33 of 2nd period - Minor Penalty to Marc Staal for Delaying the game.
13:34 of 2nd period - Sean Kuraly wins face-off versus Brock Nelson in Flames zone.
13:39 of 2nd period - Keith Yandle is hit by Brock McGinn and loses puck.
13:51 of 2nd period - Brock Nelson is hit by Jared Spurgeon and loses puck.
14:08 of 2nd period - Shot by Hampus Lindholm.
14:08 of 2nd period - Shot Hit the Post.
14:41 of 2nd period - Icing by Mats Zuccarello.
14:42 of 2nd period - Mathew Barzal wins face-off versus Ryan Getzlaf in Jets zone.
15:56 of 2nd period - Shot by Kasperi Kapanen.
15:56 of 2nd period - Shot Misses the Net.
16:09 of 2nd period - Shot by Brady Tkachuk.
16:09 of 2nd period - Deflect By John Tavares.
16:09 of 2nd period - Stopped by Ben Bishop without a rebound.
16:10 of 2nd period - Mikko Koivu wins face-off versus Max Domi in Jets zone.
16:24 of 2nd period - Icing by Devon Toews.
16:25 of 2nd period - Max Domi wins face-off versus Mikko Koivu in Jets zone.
16:47 of 2nd period - Icing by Jared Spurgeon.
16:48 of 2nd period - Brock Nelson wins face-off versus Max Domi in Flames zone.
16:49 of 2nd period - Shot by Nick Schmaltz.
16:49 of 2nd period - Shot Misses the Net.
17:04 of 2nd period - Icing by Jared Spurgeon.
17:05 of 2nd period - Max Domi wins face-off versus Zach Parise in Flames zone.
17:32 of 2nd period - Shot by Mats Zuccarello.
17:32 of 2nd period - Stopped by Eric Comrie with a rebound.
17:34 of 2nd period - Shot by Jay Bouwmeester.
17:34 of 2nd period - Shot Misses the Net.
17:36 of 2nd period - Shot by Mathew Barzal.
17:36 of 2nd period - Shot Misses the Net.
17:38 of 2nd period - Shot by Mats Zuccarello.
17:38 of 2nd period - Shot Blocked by Taylor Hall.
17:40 of 2nd period - Shot by Nikita Zaitsev.
17:40 of 2nd period - Shot Blocked by Jared Spurgeon.
17:42 of 2nd period - Shot by Nikita Zaitsev.
17:42 of 2nd period - Shot Misses the Net.
18:13 of 2nd period - Shot by Hampus Lindholm.
18:13 of 2nd period - Stopped by Eric Comrie with a rebound.
18:15 of 2nd period - Shot by Hampus Lindholm.
18:15 of 2nd period - Shot Misses the Net.
18:17 of 2nd period - Shot by Hampus Lindholm.
18:17 of 2nd period - Stopped by Eric Comrie without a rebound.
18:18 of 2nd period - Joel Eriksson Ek wins face-off versus Ryan Getzlaf in Flames zone.
18:25 of 2nd period - Joel Eriksson Ek is hit by Brock McGinn and loses puck.
19:14 of 2nd period - Icing by Brandon Saad.
19:15 of 2nd period - John Tavares wins face-off versus Joel Eriksson Ek in Jets zone.
19:30 of 2nd period - Shot by John Tavares.
19:30 of 2nd period - Stopped by Ben Bishop with a rebound.
19:32 of 2nd period - Shot by Alec Martinez.
19:32 of 2nd period - Stopped by Ben Bishop without a rebound.
19:33 of 2nd period - Brock Nelson wins face-off versus John Tavares in Jets zone.
19:33 of 2nd period - Brock Nelson is hit by Brady Tkachuk.
19:45 of 2nd period - Shot by Bryan Rust.
19:45 of 2nd period - Shot Misses the Net.
19:47 of 2nd period - Shot by Brock Nelson.
19:47 of 2nd period - Shot Blocked by Jared Spurgeon.
Goals for this period are 2 for Jets vs 2 for Flames.
Shots for this period are 11 for Jets vs 10 for Flames.

3rd period


0:01 of 3rd period - John Tavares wins face-off versus Brock Nelson in neutral zone.
0:52 of 3rd period - Jakub Vrana is hit by Nikita Zaitsev and loses puck.
1:09 of 3rd period - Shot by Zach Parise.
1:09 of 3rd period - Deflect By Mathew Barzal.
1:09 of 3rd period - Stopped by Eric Comrie without a rebound.
1:10 of 3rd period - Ryan Getzlaf wins face-off versus Joel Eriksson Ek in Flames zone.
1:10 of 3rd period - Charlie Coyle is hit by Joel Eriksson Ek and loses puck.
1:22 of 3rd period - Charlie Coyle is hit by Kasperi Kapanen.
1:44 of 3rd period - Shot by Kasperi Kapanen.
1:44 of 3rd period - Deflect By Brandon Saad.
1:44 of 3rd period - Shot Blocked by Ethan Bear.
1:46 of 3rd period - Shot by Patrik Nemeth.
1:46 of 3rd period - Stopped by Eric Comrie without a rebound.
1:47 of 3rd period - Max Domi wins face-off versus Mats Zuccarello in Flames zone.
1:51 of 3rd period - Off-side.
1:52 of 3rd period - Brock Nelson wins face-off versus Brady Tkachuk in neutral zone.
2:04 of 3rd period - Shot by Nick Schmaltz.
2:04 of 3rd period - Stopped by Eric Comrie without a rebound.
2:05 of 3rd period - Mathew Barzal wins face-off versus Max Domi in Flames zone.
2:28 of 3rd period - Shot by Mathew Barzal.
2:28 of 3rd period - Stopped by Eric Comrie with a rebound.
2:30 of 3rd period - Shot by Nikita Zaitsev.
2:30 of 3rd period - Stopped by Eric Comrie with a rebound.
2:37 of 3rd period - Shot by Mats Zuccarello.
2:37 of 3rd period - Shot Misses the Net.
2:39 of 3rd period - Shot by Mats Zuccarello.
2:39 of 3rd period - Shot Misses the Net.
3:04 of 3rd period - Minor Penalty to Brady Tkachuk for Hooking.
3:05 of 3rd period - Sean Kuraly wins face-off versus Brock Nelson in Flames zone.
3:16 of 3rd period - Shot by Keith Yandle.
3:16 of 3rd period - Shot Misses the Net.
3:55 of 3rd period - Off-side.
3:56 of 3rd period - Mathew Barzal wins face-off versus Ryan Getzlaf in neutral zone.
5:27 of 3rd period - Minor Penalty to Nikita Zaitsev for Hooking.
5:28 of 3rd period - John Tavares wins face-off versus Tim Schaller in Jets zone.
6:23 of 3rd period - Shot by Ryan Getzlaf.
6:23 of 3rd period - Shot Misses the Net.
6:25 of 3rd period - Shot by Ryan Getzlaf.
6:25 of 3rd period - Shot Blocked by Tim Schaller.
6:27 of 3rd period - Shot by Max Domi.
6:27 of 3rd period - Shot Misses the Net.
6:29 of 3rd period - Shot by Esa Lindell.
6:29 of 3rd period - Deflect By Jakub Vrana.
6:29 of 3rd period - Shot Misses the Net.
6:56 of 3rd period - Icing by Alec Martinez.
6:57 of 3rd period - Joel Eriksson Ek wins face-off versus John Tavares in Flames zone.
7:35 of 3rd period - Shot by Nick Schmaltz.
7:35 of 3rd period - Stopped by Eric Comrie without a rebound.
7:36 of 3rd period - Mathew Barzal wins face-off versus Max Domi in Flames zone.
7:36 of 3rd period - Zach Parise is hit by Ethan Bear and loses puck.
7:50 of 3rd period - Minor Penalty to Marc Staal for Elbowing.
7:51 of 3rd period - Brock Nelson wins face-off versus Ryan Getzlaf in Flames zone.
7:52 of 3rd period - Shot by Bryan Rust.
7:52 of 3rd period - Shot Misses the Net.
7:57 of 3rd period - Shot by Hampus Lindholm.
7:57 of 3rd period - Stopped by Eric Comrie with a rebound.
7:59 of 3rd period - Shot by Hampus Lindholm.
7:59 of 3rd period - Shot Blocked by Esa Lindell.
8:01 of 3rd period - Shot by Keith Yandle.
8:01 of 3rd period - Stopped by Eric Comrie without a rebound.
8:02 of 3rd period - Mathew Barzal wins face-off versus Brock McGinn in Flames zone.
8:11 of 3rd period - Shot by Mats Zuccarello.
8:11 of 3rd period - Stopped by Eric Comrie without a rebound.
8:12 of 3rd period - Brock Nelson wins face-off versus Ryan Getzlaf in Flames zone.
8:12 of 3rd period - Nikita Zaitsev is hit by Esa Lindell.
8:16 of 3rd period - Shot by Bryan Rust.
8:16 of 3rd period - Stopped by Eric Comrie with a rebound.
8:25 of 3rd period - Nikita Zaitsev is hit by Brayden McNabb and loses puck.
9:32 of 3rd period - Shot by Hampus Lindholm.
9:32 of 3rd period - Deflect By Mathew Barzal.
9:32 of 3rd period - Shot Blocked by Brock McGinn.
9:34 of 3rd period - Shot by Keith Yandle.
9:34 of 3rd period - Shot Hit the Post.
9:36 of 3rd period - Shot by Zach Parise.
9:36 of 3rd period - Shot Blocked by Brock McGinn.
9:38 of 3rd period - Shot by Mats Zuccarello.
9:38 of 3rd period - Stopped by Eric Comrie with a rebound.
10:16 of 3rd period - Shot by Brandon Saad.
10:16 of 3rd period - Shot Misses the Net.
10:27 of 3rd period - Icing by Ethan Bear.
10:28 of 3rd period - John Tavares wins face-off versus Mikko Koivu in Flames zone.
10:28 of 3rd period - John Tavares is hit by Nick Foligno.
10:43 of 3rd period - Icing by Ethan Bear.
10:44 of 3rd period - John Tavares wins face-off versus Mathew Barzal in Flames zone.
10:58 of 3rd period - Hampus Lindholm is hit by Esa Lindell and loses puck.
11:05 of 3rd period - Shot by Mathew Barzal.
11:05 of 3rd period - Shot Misses the Net.
11:07 of 3rd period - Shot by Zach Parise.
11:07 of 3rd period - Shot Misses the Net.
11:09 of 3rd period - Shot by Zach Parise.
11:09 of 3rd period - Stopped by Eric Comrie without a rebound.
11:10 of 3rd period - Ryan Getzlaf wins face-off versus Brock Nelson in Flames zone.
11:10 of 3rd period - Ryan Getzlaf is hit by Brock Nelson.
11:28 of 3rd period - Brock McGinn is hit by Nikita Zaitsev and loses puck.
11:38 of 3rd period - Charlie Coyle is hit by Devon Toews and loses puck.
11:42 of 3rd period - Minor Penalty to Ryan Getzlaf for Hooking.
11:43 of 3rd period - Mathew Barzal wins face-off versus Sean Kuraly in Flames zone.
11:44 of 3rd period - Shot by Keith Yandle.
11:44 of 3rd period - Stopped by Eric Comrie with a rebound.
11:46 of 3rd period - Shot by Hampus Lindholm.
11:46 of 3rd period - Shot Misses the Net.
11:48 of 3rd period - Shot by Hampus Lindholm.
11:48 of 3rd period - Shot Misses the Net.
12:52 of 3rd period - Shot by Nikita Zaitsev.
12:52 of 3rd period - Shot Misses the Net.
13:58 of 3rd period - Shot by Brandon Saad.
13:58 of 3rd period - Stopped by Eric Comrie without a rebound.
13:59 of 3rd period - John Tavares wins face-off versus Nick Foligno in Flames zone.
13:59 of 3rd period - John Tavares is hit by Nick Foligno.
14:21 of 3rd period - Shot by Brady Tkachuk.
14:21 of 3rd period - Shot Blocked by Patrik Nemeth.
15:00 of 3rd period - Shot by Charlie Coyle.
15:00 of 3rd period - Stopped by Ben Bishop without a rebound.
15:01 of 3rd period - Max Domi wins face-off versus Brock Nelson in Jets zone.
15:06 of 3rd period - Shot by Taylor Hall.
15:06 of 3rd period - Shot Blocked by Hampus Lindholm.
15:08 of 3rd period - Shot by Max Domi.
15:08 of 3rd period - Stopped by Ben Bishop without a rebound.
15:09 of 3rd period - Brock Nelson wins face-off versus Max Domi in Jets zone.
15:09 of 3rd period - Brock Nelson is hit by Jakub Vrana.
15:21 of 3rd period - Shot by Nick Schmaltz.
15:21 of 3rd period - Shot Misses the Net.
15:23 of 3rd period - Shot by Nick Schmaltz.
15:23 of 3rd period - Stopped by Eric Comrie without a rebound.
15:24 of 3rd period - Ryan Getzlaf wins face-off versus Mathew Barzal in Flames zone.
15:28 of 3rd period - Esa Lindell is hit by Hampus Lindholm and loses puck.
15:40 of 3rd period - Icing by Hampus Lindholm.
15:41 of 3rd period - John Tavares wins face-off versus Mathew Barzal in Jets zone.
15:59 of 3rd period - Shot by John Tavares.
15:59 of 3rd period - Shot Blocked by Hampus Lindholm.
16:01 of 3rd period - Shot by John Tavares.
16:01 of 3rd period - Shot Misses the Net.
16:03 of 3rd period - Shot by Alec Martinez.
16:03 of 3rd period - Deflect By Blake Wheeler.
16:03 of 3rd period - Stopped by Ben Bishop without a rebound.
16:04 of 3rd period - Brock Nelson wins face-off versus Max Domi in Jets zone.
16:15 of 3rd period - Shot by Nick Schmaltz.
16:15 of 3rd period - Shot Blocked by Jared Spurgeon.
16:17 of 3rd period - Shot by Nick Schmaltz.
16:17 of 3rd period - Deflect By Brock Nelson.
16:17 of 3rd period - Shot Blocked by Taylor Hall.
16:21 of 3rd period - Shot by Bryan Rust.
16:21 of 3rd period - Shot Blocked by Esa Lindell.
16:23 of 3rd period - Shot by Nikita Zaitsev.
16:23 of 3rd period - Stopped by Eric Comrie with a rebound.
16:33 of 3rd period - Bryan Rust is hit by Taylor Hall and loses puck.
16:55 of 3rd period - Alec Martinez is hit by Brock Nelson and loses puck.
18:03 of 3rd period - Shot by Charlie Coyle.
18:03 of 3rd period - Stopped by Ben Bishop with a rebound.
18:05 of 3rd period - Shot by Ryan Getzlaf.
18:05 of 3rd period - Shot Misses the Net.
18:07 of 3rd period - Shot by Brock McGinn.
18:07 of 3rd period - Shot Misses the Net.
18:09 of 3rd period - Shot by Brock McGinn.
18:09 of 3rd period - Deflect By Ryan Getzlaf.
18:09 of 3rd period - Stopped by Ben Bishop with a rebound.
18:21 of 3rd period - Shot by Brandon Saad.
18:21 of 3rd period - Shot Blocked by Ethan Bear.
18:36 of 3rd period - Brandon Saad is hit by Jakub Vrana and loses puck.
18:42 of 3rd period - Patrik Nemeth is hit by Esa Lindell and loses puck.
18:59 of 3rd period - Minor Penalty to Max Domi for Roughing.
19:00 of 3rd period - Brock Nelson wins face-off versus Sean Kuraly in Flames zone.
19:15 of 3rd period - Shot by Nick Schmaltz.
19:15 of 3rd period - Deflect By Bryan Rust.
19:15 of 3rd period - Shot Misses the Net.
19:17 of 3rd period - Shot by Brock Nelson.
19:17 of 3rd period - Goal by Brock Nelson - Jets : 5 - Flames : 2.
19:18 of 3rd period - John Tavares wins face-off versus Mikko Koivu in neutral zone.
Goals for this period are 1 for Jets vs 0 for Flames.
Shots for this period are 17 for Jets vs 5 for Flames.